Map: [ESL] Oceanborn

Players

Spirit (souL)

  • Race: Terran Terran
  • League: Master
  • Spawn Location: 11:00

HeroMarine - Winner!

  • Race: Terran Terran
  • Spawn Location: 5:00

Event: IEM Katowice 2024

VOD

Have the link to the VOD?

Description

Time

  • Played on: Dec. 8, 2023, 12:53 p.m.
  • Length: 16:18

All games in this series

Show
View Real Time Build Order
Export as new Build Order

Spirit Terran 

Build Orders: Reaper Expand 

Get SALT Encoding   

  12  0:00  SCV  
  13  0:12  SCV  
  14  0:17  Supply Depot  
  14  0:24  SCV  
  15  0:38  SCV  
  15  0:40  Barracks  
  16  0:44  Refinery  
  16  0:50  SCV  
  17  1:02  SCV  
  18  1:15  SCV  
  19  1:28  Orbital Command, Reaper  
  20  1:41  Command Center  
  20  1:52  Supply Depot  
  20  1:53  SCV  
  21  2:00  Marine  
  22  2:06  SCV  
  23  2:09  Factory  
  23  2:12  Refinery  
  23  2:18  SCV  
  23  2:22  Reaper  
  25  2:27  Bunker  
  25  2:30  SCV  
  26  2:42  SCV  
  27  2:53  Hellion, Starport  
  27  2:54  SCV  
  30  3:01  Barracks Reactor  
  30  3:03  Orbital Command  
  30  3:06  SCV  
  31  3:15  Cyclone, Refinery  
  31  3:18  SCV  
  34  3:24  Supply Depot  
  34  3:28  SCV  
  34  3:30  Starport Tech Lab, SCV  
  36  3:38  Marine  
  36  3:39  Marine  
  36  3:40  SCV  
  39  3:42  SCV  
  39  3:47  Cyclone  
  42  3:50  Raven  
  42  3:53  Supply Depot, SCV  
  42  3:55  SCV  
  46  3:58  Marine  
  47  4:03  Marine  
  47  4:05  SCV  
  47  4:07  SCV  
  50  4:10  Interference Matrix  
  50  4:15  Supply Depot  
  50  4:16  Marine  
  52  4:17  SCV  
  52  4:19  Factory Tech Lab, SCV  
  53  4:26  Raven  
  53  4:27  Marine  
  53  4:29  SCV  
  57  4:31  SCV  
  58  4:39  Siege Tank  
  58  4:41  SCV  
  58  4:44  SCV  
  64  4:48  Command Center  
  64  4:52  Supply Depot  
  62  4:53  SCV  
  62  4:54  Marine  
  62  4:56  SCV  
  65  5:05  SCV  
  66  5:08  Marine, SCV  
  66  5:13  Marine  
  72  5:14  Siege Tank  
  72  5:17  SCV  
  72  5:20  Raven  
  72  5:21  Barracks x2  
  75  5:23  Refinery  
  75  5:25  SCV  
  75  5:26  Marine  
  70  5:38  SCV  
  70  5:39  Marine, SCV  
  68  5:44  Marine  
  68  5:49  Siege Tank, Engineering Bay  
  70  5:51  Engineering Bay  
  70  5:56  SCV x2  
  72  6:00  Orbital Command  
  72  6:08  SCV x2  
  74  6:13  Viking x2  
  74  6:14  Barracks Reactor, Stimpack, Marine  
  74  6:15  Barracks Reactor  
  77  6:20  SCV x2  
  77  6:21  Orbital Command, Engineering Bay  
  77  6:23  Siege Tank  
  82  6:29  Terran Infantry Weapons Level 1  
  82  6:30  Supply Depot  
  82  6:31  Supply Depot  
  82  6:32  SCV x2  
  84  6:36  Supply Depot  
  84  6:44  SCV  
  84  6:45  SCV  
  85  6:51  Terran Infantry Armor Level 1  
  85  6:52  SCV  
  88  6:55  Marine x5  
  88  6:56  SCV  
  88  6:57  SCV  
  95  7:04  SCV  
  95  7:05  Sensor Tower  
  96  7:08  SCV  
  96  7:09  Medivac x2  
  96  7:10  SCV  
  96  7:13  Barracks, Marine x2  
  96  7:14  Barracks  
  96  7:15  Supply Depot  
  102  7:16  SCV  
  102  7:17  Supply Depot  
  102  7:19  Refinery  
  102  7:20  SCV, Refinery  
  102  7:22  SCV  
  105  7:28  SCV, Marine x3  
  109  7:36  SCV x2, Marine x2  
  113  7:39  Armory, Supply Depot  
  113  7:40  SCV, Supply Depot  
  113  7:43  Supply Depot  
  114  7:45  Marine  
  114  7:46  Marine x2  
  117  7:53  Combat Shield  
  117  7:54  Marine x2  
  117  7:58  Siege Tank, Missile Turret, Medivac  
  121  7:59  Missile Turret  
  121  8:01  Missile Turret  
  121  8:03  Barracks Reactor, Marine x3  
  121  8:04  Medivac  
  129  8:06  Barracks Reactor  
  129  8:10  Missile Turret  
  129  8:12  Marine x2  
  130  8:16  SCV x2  
  132  8:20  Command Center  
  132  8:21  Marine x3  
  135  8:30  Siege Tank, Marine x2  
  140  8:39  Marine  
  140  8:41  Marine  
  141  8:51  Terran Vehicle Weapons Level 1  
  141  8:52  Medivac x2, Marine x4  
  149  8:56  Supply Depot  
  149  8:57  Supply Depot  
  149  8:58  Terran Infantry Weapons Level 2  
  149  9:00  Terran Infantry Armor Level 2  
  149  9:11  Factory  
  149  9:17  Marine x4  
  149  9:18  Siege Tank, SCV  
  149  9:19  SCV x2, Marine x5  
  149  9:23  Supply Depot  
  164  9:27  Liberator x2, Supply Depot  
  164  9:28  Supply Depot  
  170  9:35  Marine x4  
  170  9:37  Marine x5  
  171  9:50  Siege Tank  
  172  9:53  Marine x4  
  172  9:54  Marine x5  
  172  9:56  SCV x2  
  172  9:59  SCV  
  183  10:11  Marine x4  
  183  10:12  Marine x2  
  183  10:13  Marine  
  189  10:14  Marine  
  189  10:15  SCV, Marine  
  184  10:22  Siege Tank  
  187  10:28  SCV, Marine x3  
  187  10:29  Marine  
  187  10:30  Marine x2  
  187  10:31  Liberator  
  197  10:36  Factory Tech Lab  
  197  10:42  Marine  
  197  10:44  Marine, Supply Depot  
  197  10:45  Bunker  
  197  10:49  Command Center  
  199  10:52  Sensor Tower  
  199  10:53  Marine  
  198  10:57  Marine  
  198  11:00  SCV  
  200  11:06  Starport x2  
  200  11:07  Marine  
  194  11:18  Planetary Fortress  
  194  11:20  Marine  
  194  11:21  SCV  
  194  11:23  Marine  
  197  11:26  Siege Tank  
  200  11:33  Terran Infantry Armor Level 3, Terran Infantry Weapons Level 3  
  200  11:39  Marine  
  187  11:41  Marine  
  187  11:42  Liberator x2  
  187  11:43  Marine  
  186  11:47  Siege Tank  
  186  11:49  Marine  
  181  11:57  Marine  
  181  11:58  Marine  
  181  11:59  Marine  
  181  12:00  Marine x3  
  148  12:02  Siege Tank, Marine x2  
  148  12:04  Starport Reactor  
  148  12:05  Fusion Core, Starport Reactor  
  148  12:07  Armory, Marine  
  143  12:12  SCV  
  143  12:15  Marine  
  144  12:16  Marine  
  144  12:17  Marine  
  144  12:18  Marine  
  144  12:19  Marine  
  144  12:20  Marine  
  150  12:23  Siege Tank  
  150  12:25  Viking x2  
  150  12:27  Marine x3  
  160  12:33  Marine x2  
  160  12:35  Marine  
  160  12:36  Marine  
  164  12:39  Marine  
  164  12:41  Siege Tank, Marine  
  168  12:45  Marine x2  
  168  12:47  Marine  
  168  12:51  Marine  
  171  12:55  Viking x2, Marine  
  171  12:56  Planetary Fortress  
  171  12:57  Marine  
  175  12:59  Marine, Medivac x2  
  175  13:02  Siege Tank, Marine  
  175  13:03  SCV  
  175  13:04  SCV  
  186  13:06  Command Center  
  186  13:09  SCV  
  185  13:13  Siege Tank  
  185  13:14  Advanced Ballistics  
  185  13:15  Viking  
  189  13:30  Marine  
  189  13:33  Marine  
  181  13:35  Siege Tank  
  177  13:44  Viking x3  
  177  13:47  Viking x2  
  171  13:55  Siege Tank, Marine  
  171  14:01  Marine  
  171  14:02  Marine x5  
  178  14:05  Marine  
  178  14:07  Marine  
  162  14:11  Viking  
  162  14:13  Marine  
  164  14:19  Marine x2  
  164  14:21  Viking x2  
  165  14:26  Viking  
  165  14:27  Marine  
  165  14:31  Marine  
  168  14:33  Viking  
  168  14:37  Marine  
  172  14:41  Viking  
  169  14:55  Marine x3  
  156  15:15  Viking, Liberator x4  
  156  15:21  Marine x5  
  154  15:25  Marine  
  154  15:26  Marine x2  
  154  15:28  Marine  
  148  15:39  Siege Tank, Marine x2  
  148  15:41  Marine  
  151  15:43  Siege Tank  
  154  15:53  Marine  
  153  15:57  Marine x2  
Show
View Real Time Build Order
Export as new Build Order

HeroMarine Terran - Winner!

Build Orders: Cyclone Opening 

Get SALT Encoding   

  12  0:00  SCV  
  13  0:12  SCV  
  14  0:16  Supply Depot  
  14  0:24  SCV  
  15  0:38  SCV  
  15  0:39  Barracks  
  16  0:43  Refinery  
  16  0:50  SCV  
  16  0:52  Refinery  
  17  1:02  SCV  
  18  1:14  SCV  
  19  1:26  Orbital Command, Reaper  
  19  1:31  Supply Depot  
  20  1:45  Factory  
  20  1:52  SCV  
  21  1:58  Reaper  
  22  2:04  SCV  
  23  2:16  SCV  
  23  2:22  Command Center  
  24  2:28  Cyclone  
  26  2:30  SCV  
  26  2:33  Barracks Reactor  
  27  2:39  Supply Depot  
  27  2:42  SCV  
  28  2:49  Starport  
  28  2:55  SCV  
  29  3:07  SCV  
  30  3:13  Cyclone  
  30  3:14  Cyclone  
  30  3:15  Refinery  
  30  3:19  SCV  
  30  3:27  Medivac  
  35  3:31  SCV  
  35  3:34  Orbital Command  
  38  3:43  SCV  
  38  3:45  Cyclone  
  38  3:47  Cyclone  
  43  3:54  Barracks Tech Lab  
  43  3:55  SCV  
  44  3:59  Supply Depot  
  44  4:07  SCV x2  
  46  4:19  Raven, Interference Matrix, SCV  
  46  4:20  Cyclone, SCV  
  52  4:26  Cyclone  
  54  4:32  SCV x2  
  56  4:41  Supply Depot  
  56  4:44  SCV x2  
  58  4:49  Command Center  
  58  4:54  Raven  
  58  4:55  Cyclone  
  62  5:03  Cyclone, SCV x2  
  64  5:15  SCV x2  
  64  5:17  Barracks Tech Lab  
  64  5:18  Refinery  
  64  5:19  Supply Depot  
  66  5:27  SCV x2  
  66  5:28  Cyclone  
  66  5:39  SCV x2  
  67  5:46  Raven  
  69  5:51  Stimpack, SCV x2  
  69  5:53  Marine  
  69  5:55  Barracks  
  70  5:57  Barracks  
  70  6:03  SCV x2  
  74  6:07  Orbital Command  
  74  6:10  Engineering Bay  
  70  6:11  Engineering Bay  
  70  6:13  Factory Reactor, Marine  
  70  6:15  SCV x2  
  73  6:25  Orbital Command, Barracks  
  73  6:26  Barracks  
  73  6:27  SCV x2  
  73  6:30  Starport Reactor  
  73  6:31  Supply Depot  
  75  6:33  Marine  
  75  6:38  Terran Infantry Weapons Level 1, Terran Infantry Armor Level 1  
  78  6:40  SCV x2  
  78  6:52  SCV x2  
  78  6:53  SCV  
  77  6:54  Marine  
  77  6:59  Siege Tank  
  81  7:04  SCV x2  
  81  7:05  Marine x2, SCV  
  81  7:07  Medivac x2  
  90  7:12  Barracks Reactor, Marine  
  90  7:13  Barracks Reactor, Supply Depot  
  91  7:15  Missile Turret  
  91  7:16  SCV x2  
  91  7:17  SCV  
  91  7:18  Barracks Reactor, Marine x2, Refinery  
  91  7:19  Refinery  
  91  7:22  Sensor Tower  
  96  7:23  Marine x2  
  96  7:28  SCV x2  
  96  7:29  SCV  
  101  7:30  Supply Depot x2  
  101  7:31  Combat Shield  
  101  7:33  Armory  
  101  7:35  Marine  
  101  7:36  Marine x2  
  104  7:40  SCV x2  
  104  7:41  SCV, Marine x2  
  109  7:49  Supply Depot  
  109  7:50  Command Center  
  109  7:51  Siege Tank, Medivac x2  
  109  7:57  SCV  
  109  7:58  Marine x4, Supply Depot  
  119  8:02  Marine x2  
  119  8:03  Supply Depot  
  125  8:08  Marine x2  
  125  8:10  Supply Depot, Marine  
  125  8:11  Supply Depot  
  126  8:14  Factory, SCV x3  
  126  8:16  Marine x4  
  133  8:21  Terran Vehicle Weapons Level 1  
  133  8:22  Marine x2  
  133  8:24  Medivac x2  
  133  8:27  Siege Tank  
  142  8:30  SCV x2  
  142  8:32  SCV  
  142  8:33  Marine  
  142  8:34  Marine  
  142  8:41  Marine x3  
  142  8:42  SCV x2, Marine x2  
  142  8:44  Terran Infantry Weapons Level 2  
  142  8:46  Terran Infantry Armor Level 2  
  149  8:53  Marine  
  149  8:54  Viking x2, Marine x2  
  152  8:58  Supply Depot  
  152  8:59  SCV x2  
  152  9:01  SCV  
  156  9:06  Siege Tank  
  158  9:15  Barracks Reactor  
  158  9:16  Missile Turret, SCV x3  
  161  9:21  Marine x8  
  169  9:27  Planetary Fortress  
  169  9:28  Sensor Tower, SCV x3  
  172  9:38  Siege Tank  
  174  9:39  Marine x3  
  174  9:43  Marine  
  178  9:47  Siege Tank  
  176  9:55  Marine x3, Refinery  
  176  9:56  Command Center, Refinery  
  176  9:57  Marine x2  
  176  9:58  Marine  
  176  9:59  Marine  
  180  10:01  Marine x3  
  181  10:10  Siege Tank  
  181  10:13  Marine  
  185  10:18  Viking  
  187  10:22  Command Center, Supply Depot  
  187  10:23  Viking, Siege Tank  
  187  10:25  Marine x3  
  195  10:33  Starport  
  195  10:35  Terran Vehicle Weapons Level 2  
  195  10:37  Starport  
  195  10:41  Missile Turret  
  195  10:43  Siege Tank  
  195  10:44  Missile Turret  
  198  10:50  Viking  
  198  10:56  Viking  
  195  11:07  SCV x3  
  179  11:12  Viking  
  179  11:13  Viking  
  179  11:15  SCV  
  179  11:17  Siege Tank x2  
  189  11:19  SCV  
  189  11:20  Viking, SCV  
  193  11:26  Viking  
  195  11:33  Missile Turret  
  181  11:42  Viking, Marine x2  
  181  11:43  Viking  
  180  11:49  Siege Tank x2  
  180  11:50  Viking  
  188  11:56  Viking  
  188  11:59  Terran Infantry Weapons Level 3  
  188  12:00  Marine x9  
  175  12:02  Marine  
  175  12:03  SCV  
  175  12:04  Orbital Command, Planetary Fortress  
  177  12:12  Viking  
  177  12:15  SCV  
  180  12:18  Marine x5  
  180  12:21  Siege Tank  
  180  12:22  Refinery  
  188  12:23  Terran Infantry Armor Level 3, Refinery  
  188  12:31  Siege Tank  
  191  12:40  Command Center  
  191  12:41  Marine  
  191  12:42  Marine x9  
  195  12:46  Starport Tech Lab x2  
  195  12:53  Siege Tank  
  195  12:57  Terran Vehicle Weapons Level 3  
  198  12:58  Marine  
  198  13:00  Marine x2  
  195  13:14  Siege Tank, Missile Turret  
  195  13:15  Missile Turret  
  195  13:18  Raven  
  196  13:31  Viking x2  
  200  13:37  Starport  
  200  13:38  Armory, Starport  
  200  13:45  Liberator  
  200  13:47  Siege Tank  
  194  13:52  Liberator  
  194  13:54  Siege Tank  
  195  13:57  Marine  
  195  13:58  Marine  
  195  14:03  Marine x2  
  190  14:16  Starport Tech Lab, Starport Reactor  
  185  14:19  Siege Tank  
  185  14:21  Sensor Tower  
  186  14:26  Siege Tank  
  186  14:28  Raven, Marine x2  
  186  14:29  Marine x2  
  195  14:35  Raven  
  179  14:51  Siege Tank  
  179  14:52  Viking x2  
  186  14:55  Marine  
  186  14:59  Siege Tank  
  190  15:00  Marine  
  190  15:01  Marine x2  
  190  15:04  Marine x2  
  190  15:07  Marine x4  
  185  15:12  Marine  
  185  15:13  Raven x2  
  185  15:14  Raven, Viking x2  
  182  15:18  Marine x2  
  182  15:19  Marine  
  183  15:22  Viking x2, Marine x2  
  183  15:23  Siege Tank  
  180  15:31  Siege Tank  
  173  15:44  Viking x2  
  173  15:47  Viking  
  173  15:48  Viking  

Tags
 
Add a new tag
Caveats
  • Supply blocks, unpowered buildings, or Contaminate may cause inaccurate times.
  • Supply counts are checked every 10 seconds.